 Dungeon Crawl Stone Soup version 0.14.0-25-g43f8a4e (webtiles) character file.

318 Heini the Skirmisher (level 5, -1/47 HPs)
             Began as a Hill Orc Fighter on Apr 24, 2014.
             Was an Initiate of Okawaru.
             Slain by Chiseanne's ghost (6 damage)
             ... on Level 4 of the Dungeon.
             The game lasted 00:08:13 (3426 turns).

Heini the Skirmisher (Hill Orc Fighter)             Turns: 3426, Time: 00:08:13

HP  -1/47        AC  7     Str 20      XL: 5   Next: 56%
MP   5/5         EV  6     Int  8      God: Okawaru [......]
Gold 142         SH 19     Dex 10      Spells:  0 memorised,  4 levels left

rFire  . . .     SeeInvis .     a - +1,+0 war axe
rCold  . . .     Clarity  .     b - +0 scale mail
rNeg   . . .     Conserve .     c - +0 shield
rPois  .         rCorr    .     (no helmet)
rElec  .         rRot     .     (no cloak)
SustAb . .       Spirit   .     (no gloves)
rMut   +         Warding  .     (no boots)
Saprov + . .     Stasis   .     r - amulet of resist mutation
MR     .....                    (no ring)
                                (no ring)

@: not resistant to hostile enchantments, extremely unstealthy
A: saprovore 1
a: Renounce Religion


You were on level 4 of the Dungeon.
You worshipped Okawaru.
Okawaru was noncommittal.
You were not hungry.

You visited 1 branch of the dungeon, and saw 4 of its levels.

You collected 142 gold pieces.

Inventory:

Hand weapons
 a - a +1,+0 war axe (weapon)
Armour
 b - a +0 scale mail (worn)
 c - a +0 shield (worn)
Magical devices
 q - a wand of confusion (6) {unknown}
Comestibles
 d - 5 meat rations
 f - a slice of pizza
 o - 2 bread rations
Scrolls
 g - a scroll of noise
 i - a scroll of fog {unknown}
 m - a scroll of blinking {unknown}
 p - 5 scrolls of remove curse {unknown}
 t - 2 scrolls of random uselessness {unknown}
 u - 2 scrolls of recharging {unknown}
 v - a scroll of immolation {unknown}
Jewellery
 r - an amulet of resist mutation (around neck)
Potions
 e - a potion of might
 h - a potion of curing
 j - a potion of heal wounds {unknown}
 k - a potion of cure mutation {unknown}
 l - a potion of mutation {unknown}
 s - a potion of lignification
 w - a potion of invisibility {unknown}


   Skills:
 * Level 4.6 Fighting
 * Level 4.3 Axes
 * Level 4.5 Armour
 - Level 0.1 Dodging
 + Level 4.2 Shields


You had 4 spell levels left.
You didn't know any spells.

Dungeon Overview and Level Annotations

Branches:
Dungeon (4/15)
 Temple: D:4-7

Altars:
Ashenzari
Makhleb
Okawaru
Trog
The Shining One

Annotations:
D:4 Chiseanne's ghost, average HOWn


Innate Abilities, Weirdness & Mutations

You can tolerate rotten meat.


Message History

Chiseanne's ghost hits you but does no damage.
You writhe in agony.
You closely miss Chiseanne's ghost.
Chiseanne's ghost is lightly damaged.
Chiseanne's ghost hits you.
You writhe in agony.
Chiseanne's ghost hits you.
* * * LOW HITPOINT WARNING * * *
You writhe in agony.
* * * LOW HITPOINT WARNING * * *
You are too injured to fight recklessly!
You block Chiseanne's ghost's attack.
There is an open door here.
You block Chiseanne's ghost's attack. You block Chiseanne's ghost's attack.
Press: ? - help, v - describe, . - travel
Here: Chiseanne's ghost (lightly damaged, moving somewhat quickly)
The floor.
Chiseanne's ghost hits you.
* * * LOW HITPOINT WARNING * * *
You writhe in agony.
You die...

########## #........#
#........# ######
#........###### #.....
#.............####.....
#.....@p.####....'.....
#........# ######.....
###.###### ###'## #..#
#... ##.##### ###.
#.....# # #+####
########'## ......#
###.........#
......###.'..)......#
#########


You could see Chiseanne's ghost.

Vanquished Creatures
  2 orc priests
  An orc wizard (D:3)
  2 adders (D:3)
  An inept item mimic (D:3)
  A worm (D:2)
  A giant eyeball (D:4)
  An ooze (D:3)
  7 bats
  A giant cockroach (D:2)
  8 hobgoblins
  8 jackals
  3 kobolds
  A giant gecko (D:3)
  7 giant newts
  7 goblins
  A hobgoblin skeleton (D:4)
  4 quokkas
  9 rats
65 creatures vanquished.

Notes
Turn   | Place    | Note
--------------------------------------------------------------
     0 | D:1      | Heini, the Hill Orc Fighter, began the quest for the Orb.
     0 | D:1      | Reached XP level 1. HP: 19/19 MP: 1/1
   304 | D:1      | Reached XP level 2. HP: 22/27 MP: 2/2
   943 | D:1      | Reached XP level 3. HP: 33/33 MP: 3/3
   955 | D:1      | Reached skill level 4 in Fighting
  1400 | D:2      | Found a bloodstained altar of Trog.
  1404 | D:2      | Found an iron altar of Okawaru.
  1407 | D:2      | Became a worshipper of Warmaster Okawaru
  1778 | D:2      | Found a shattered altar of Ashenzari.
  1970 | D:3      | Reached XP level 4. HP: 37/40 MP: 4/4
  1992 | D:3      | Found a glowing golden altar of the Shining One.
  2260 | D:3      | Found a burning altar of Makhleb.
  2260 | D:3      | Noticed a blizzard demon
  2978 | D:3      | Reached XP level 5. HP: 9/47 MP: 5/5
  3365 | D:4      | Paralysed by a giant eyeball for 2 turns
  3369 | D:4      | Paralysed by a giant eyeball for 4 turns
  3402 | D:4      | Noticed Chiseanne's ghost (average HOWn)
  3426 | D:4      | Slain by Chiseanne's ghost

Action                   |  1- 3 |  4- 6 || total
-------------------------+-------+-------++-------
Melee: War axe           |   174 |    93 ||   267
  Use: Scroll            |     4 |     2 ||     6
